 Dungeon Crawl Stone Soup version 0.25-a0-424-g80bd347ae0 (webtiles) character file.

Game seed: 5367670673637675489, levelgen mode: deterministic

114 Brandom the Shield-Bearer (level 4, -1/24 HPs)
             Began as a Vine Stalker Fighter on Jan 22, 2020.
             Was an Initiate of Makhleb.
             Slain by an orc priest
             ... wielding a +0 trident
              (2 damage)
             ... on level 3 of the Dungeon.
             The game lasted 00:05:49 (1773 turns).

Brandom the Shield-Bearer (Vine Stalker Fighter)    Turns: 1773, Time: 00:05:50

Health: -1/24      AC:  6    Str: 19    XL:     4   Next: 97%
Magic:  0/5        EV:  7    Int:  9    God:    Makhleb [......]
Gold:   143        SH:  9    Dex: 13    Spells: 3/3 levels left

rFire    . . .     SeeInvis .     - Unarmed
rCold    . . .     Gourm    .   b - +0 shield
rNeg     . . .     Faith    .   a - +0 scale mail
rPois    .         Spirit   +   (no helmet)
rElec    .         Reflect  .   (no cloak)
rCorr    .         Harm     .   (no gloves)
MR       .....                  (no boots)
Stlth    ..........             (no amulet)
HPRegen  0.48/turn              (no ring)
MPRegen  0.09/turn              (no ring)

@: no status effects
A: fangs 2, regeneration 1, magic shield, antimagic bite, no potion heal 3, rot
immunity
a: Renounce Religion


You were on level 3 of the Dungeon.
You worshipped Makhleb.
Makhleb was noncommittal.
You were not hungry.

You visited 1 branch of the dungeon, and saw 3 of its levels.

You collected 143 gold pieces.

Inventory:

Armour
 a - a +0 scale mail (worn)
 b - a +0 shield (worn)
 s - a +0 pair of boots
   (You found it on level 2 of the Dungeon)
Scrolls
 d - a scroll of immolation {unknown}
 f - 8 scrolls of identify {unknown}
 g - 2 scrolls of fog {unknown}
 h - 3 scrolls of teleportation {unknown}
 i - 2 scrolls of enchant armour {unknown}
 j - a scroll of magic mapping {unknown}
 n - 3 scrolls of remove curse {unknown}
 p - a scroll of noise {unknown}
 r - a scroll of blinking {unknown}
Potions
 c - a potion of might
 k - a potion of invisibility {unknown}
 l - a potion of lignification {unknown}
 m - a potion of curing {unknown}
 o - a potion of cancellation {unknown}
Comestibles
 e - 3 rations
 q - 4 chunks of flesh


   Skills:
 + Level 3.2 Fighting
 + Level 2.9 Armour
 + Level 1.3 Dodging
 + Level 3.2 Shields
 + Level 2.6 Unarmed Combat
 + Level 0.9 Invocations


You had 3 spell levels left.
You didn't know any spells.
Your spell library was empty.

Dungeon Overview and Level Annotations

Branches:
Dungeon (3/15)

Altars:
Makhleb


Innate Abilities, Weirdness & Mutations

You have extremely sharp teeth.
Your natural rate of healing is unusually fast.
When hurt, damage is shared between your health and your magic reserves.
Your bite disrupts and absorbs the magic of your enemies.
Potions cannot restore your health.
You are immune to rotting.


Message History

You hit the orc.
You kill the orc!
Makhleb accepts your kill. The orc hits you but does no damage.
The orc priest hits you from afar with a +0 trident.
Unknown command.
Your shield and scale mail prevent you from hitting the orc.
You bite the orc. You drain its power.
You feel invigorated. You block the orc's attack.
The orc priest looks encouraged for a moment.
You closely miss the orc. The orc hits you but does no damage.
You block the orc priest's attack.
You hit the orc but do no damage. Your bite misses the orc.
You block the orc's attack.
The orc priest looks encouraged for a moment.
Your shield prevents you from hitting the orc.
You bite the orc.
You kill the orc!
Makhleb accepts your kill.
The orc priest looks satisfied for a moment.
The orc priest hits you with a +0 trident.
You see here a +0 hand axe.
You closely miss the orc priest.
You bite the orc priest, but do no damage.
The orc priest hits you with a +0 trident.
You barely miss the orc priest. Your bite misses the orc priest.
You block the orc priest's attack.
You barely miss the orc priest.
You bite the orc priest, but do no damage.
The orc priest calls down the wrath of Beogh upon you.
Pain shoots through your body!
* * * LOW HITPOINT WARNING * * *
You barely miss the orc priest. Your bite misses the orc priest.
The orc priest hits you but does no damage.
You hit the orc priest but do no damage.
You bite the orc priest. You drain its power.
You feel invigorated.
The orc priest mumbles some strange prayers to Beogh against you.
Beogh smites you!
* * * LOW HITPOINT WARNING * * *
Some of the chunks of flesh in your inventory have rotted away.
You barely miss the orc priest.
You bite the orc priest, but do no damage.
The orc priest hits you but does no damage.
You hit the orc priest but do no damage.
Your bite misses the orc priest.
The orc priest hits you with a +0 trident.
* * * LOW HITPOINT WARNING * * *
You hit the orc priest.
The orc priest hits you with a +0 trident.
You die...

#. .# #. #.# ..##.#
#.<..# #.#..## # #
#.#...# ..#.
#.#.(.#######.# .....
#......)......#
#.....#......@o......
.......<......#######
......###..?###
##...# #>..# #..#
....#.. #.. .......##
#. #.##.##.# #. ...
..


You could see an orc priest.

Vanquished Creatures
  A crimson imp (D:2)
  3 adders (D:2)
  A worm (D:2)
  5 dart slugs
  A leopard gecko (D:2)
  2 orcs (D:3)
  2 bats
  A giant cockroach (D:1)
  5 goblins
  5 hobgoblins (D:1)
  2 jackals (D:1)
  6 frilled lizards
  3 kobolds (D:1)
  A rat (D:1)
38 creatures vanquished.

Notes
Turn   | Place    | Note
-------+----------+-------------------------------------------
     0 | D:1      | Brandom the Vine Stalker Fighter began the quest for the
                  | Orb.
     0 | D:1      | Reached XP level 1. HP: 11/11 MP: 2/2
   229 | D:1      | Reached XP level 2. HP: 16/16 MP: 3/3
   711 | D:1      | Reached XP level 3. HP: 19/19 MP: 4/4
  1101 | D:2      | Reached skill level 1 in Dodging
  1223 | D:2      | Found a burning altar of Makhleb.
  1264 | D:2      | Became a worshipper of Makhleb the Destroyer
  1301 | D:2      | Gained mutation: Your natural rate of healing is unusually
                  | fast. [Vine Stalker growth]
  1301 | D:2      | Reached XP level 4. HP: 8/24 MP: 3/5
  1772 | D:3      | HP: 1/24 [orc priest/+0 trident (3)]
  1773 | D:3      | Slain by an orc priest

Levels and vault maps discovered:
D:1:      scummos_arrival_checkerplants, layout_rooms, minmay_misc_feat_room
D:2:      wad_crossroads, layout_basic, makhleb_grotto_becter
D:3:      layout_loops_ring, minmay_misc_feat_diagonals,
          hangedman_decor_clover_reticule, kennysheep_cross_bottleneck

Skill      XL: |  1  2  3 |
---------------+----------+-----
Shields        | 3 |  3.2
Fighting       | 3 |  3.2
Dodging        | 1 |  1.3
Armour         | |  2.9
Unarmed Combat | |  2.6
Invocations    | |  0.9

Action                   |  1- 3 |  4- 6 || total
-------------------------+-------+-------++-------
Melee: Unarmed           |   169 |    47 ||   216
       Bite              |    46 |    12 ||    58
  Eat: Chunk             |     1 |     2 ||     3
Armor: Scale mail        |    47 |    18 ||    65
Dodge: Dodged            |    38 |    12 ||    50
Block: Shield            |    71 |    20 ||    91

Table legend:
 A = Non-vault XP
 B = Vault XP
 C = Vault XP percentage of total XP
 D = Non-vault monster count
 E = Vault monster count
 F = Vault count percentage of total count
                 A         B        C        D         E       F
            +---------+---------+-------+---------+---------+-------
      Total |      94 |      69 |  42.3 |      33 |       5 |  13.2
            +---------+---------+-------+---------+---------+-------
        D:1 |      45 |       0 |   0.0 |      23 |       0 |   0.0
        D:2 |      43 |      69 |  61.6 |       8 |       5 |  38.5
        D:3 |       6 |       0 |   0.0 |       2 |       0 |   0.0
            +---------+---------+-------+---------+---------+-------
